 Dungeon Crawl Stone Soup version 0.22-a0-587-g7d32d7c (webtiles) character file.

4188 HAL9000 the Covert (level 10, 0/46 HPs)
             Began as a Vine Stalker Assassin on July 4, 2018.
             Was a Priest of Dithmenos.
             Slain by a black mamba (7 damage)
             ... on level 1 of the Lair of Beasts.
             The game lasted 00:17:01 (7772 turns).

HAL9000 the Covert (Vine Stalker Assassin)          Turns: 7772, Time: 00:17:02

Health: 0/46       AC:  9    Str: 20    XL:     10   Next: 29%
Magic:  0/20       EV: 11    Int: 11    God:    Dithmenos [***...]
Gold:   222        SH:  0    Dex: 17    Spells: 9/9 levels left

rFire    . . .     SeeInvis .   t - +1 dagger (drain)
rCold    . . .     Gourm    +   (no shield)
rNeg     . . .     Faith    .   K - +2 leather armour {MR+}
rPois    .         Spirit   +   P - +2 hat
rElec    .         Reflect  .   d - +0 cloak
rCorr    .         Harm     .   T - +0 pair of gloves of the Arcane {-Tele Str+4 Stlth+}
MR       ++...     NoTele   +   (no boots)
Stlth    +++++++++.             w - amulet of the gourmand
HPRegen  0.55/turn              R - ring of magical power
MPRegen  0.17/turn              (no ring)

@: wreathed by umbra
A: fangs 3, regeneration 1, magic shield, antimagic bite, no potion heal 3, rot
immunity
a: Shadow Step, Renounce Religion


You were on level 1 of the Lair of Beasts.
You worshipped Dithmenos.
Dithmenos was most pleased with you.
You were not hungry.

You visited 2 branches of the dungeon, and saw 10 of its levels.
You also visited: Ossuary.

You collected 397 gold pieces.
You spent 175 gold pieces at shops.

Inventory:

Hand Weapons
 a - a +2 dagger
 b - a +0 blowgun
 t - a +1 dagger of draining (weapon)
Missiles
 e - 41 poisoned needles
 f - 4 curare-tipped needles
 x - 2 needles of paralysis
 F - 2 tomahawks (quivered)
Armour
 d - a +0 cloak (worn)
 K - a +2 leather armour of magic resistance (worn)
 M - a +2 robe of resistance
 P - a +2 hat (worn)
 T - the +0 pair of gloves of the Arcane (worn) {-Tele Str+4 Stlth+}
   (You found it on level 6 of the Dungeon)

   It affects your strength (+4).
   It prevents most forms of teleportation.
   It makes you more stealthy.
Jewellery
 w - an amulet of the gourmand (around neck)
 J - an uncursed ring of protection from cold {unknown}
 R - a ring of magical power (left hand)
 V - an uncursed ring of ice {unknown}
 Y - a +1 ring of evasion {unknown}
Wands
 A - a wand of scattershot (6)
 D - a wand of flame (9)
 H - a wand of paralysis (13)
Scrolls
 h - a scroll of random uselessness {unknown}
 j - 4 scrolls of enchant weapon {unknown}
 l - 2 scrolls of magic mapping {unknown}
 o - 3 scrolls of amnesia
 q - 3 scrolls of remove curse
 y - 4 scrolls of teleportation {unknown}
 z - a scroll of silence {unknown}
 B - 3 scrolls of immolation {unknown}
 G - 2 scrolls of blinking {unknown}
 I - 3 scrolls of fear {unknown}
 O - a scroll of vulnerability {unknown}
 Q - 4 scrolls of enchant armour {unknown}
 S - a scroll of brand weapon {unknown}
Potions
 i - 2 potions of flight
 m - 3 potions of lignification
 r - 8 potions of curing
 C - 3 potions of mutation
 E - 3 potions of brilliance
 L - a potion of berserk rage
 N - 2 potions of agility
 U - 3 potions of might
 W - a potion of cancellation {unknown}
 X - a potion of resistance
 Z - a potion of invisibility {unknown}
Comestibles
 g - 21 rations


   Skills:
 - Level 1.7 Fighting
 - Level 10.1 Short Blades
 - Level 1.7 Throwing
 - Level 0.7 Dodging
 + Level 13.2 Stealth


You had 9 spell levels left.
You didn't know any spells.
Your spell library was empty.

Dungeon Overview and Level Annotations

Branches:
Dungeon (9/15)             Temple (0/1) D:5            Lair (1/6) D:9
    Orc: D:9-12

Altars:
Dithmenos
Makhleb
Okawaru

Shops:
D:5 [

Annotations:
D:4 3 runed doors, Paulus's ghost, amateur DsFi; iamserjio's ghost, amateur GrFi; inc's ghost, novice OpFE


Innate Abilities, Weirdness & Mutations

You have razor-sharp teeth.
Your natural rate of healing is unusually fast.
When hurt, damage is shared between your health and your magic reserves.
Your bite disrupts and absorbs the magic of your enemies.
Potions cannot restore your health.
You are immune to rotting.


Message History

The black mamba is lightly wounded.
You feel sick. The black mamba bites you!
You are lethally poisoned!
The black mamba poisons you!
You hit the black mamba but do no damage.
The black mamba is lightly wounded.
You feel sick. The black mamba barely misses you.
You barely miss the black mamba. Your bite misses the black mamba.
The black mamba is lightly wounded.
You feel sick. The black mamba bites you!
You are too injured to fight recklessly!
You are too injured to fight recklessly!
Unknown command.
Your system rejects the healing.
You feel better. The black mamba bites you!
* * * LOW HITPOINT WARNING * * *
You hit the black mamba but do no damage.
Your bite misses the black mamba.
The black mamba is lightly wounded.
The black mamba bites you!
You die...

### ..# #.# #
#S###.#.#
#@.......
#........
#.###P###
###########.#
#
.......<....#
.............#
............##
########P####
###


You could see a black mamba.

Vanquished Creatures
  Duvessa (D:5)
  4 sky beasts
  An orc warrior (D:7)
  An ice beast (D:5)
  2 black bears
  6 ogres
  6 centaurs
  A big kobold (D:9)
  A bullfrog (D:9)
  Dowan (D:5)
  A scorpion (D:8)
  A water moccasin skeleton (D:9)
  5 wights (D:9)
  7 crimson imps
  2 bullfrog zombies (Ossuary)
  2 centaur zombies (Ossuary)
  7 hounds
  A jelly (D:9)
  An orc priest (D:5)
  2 bullfrog skeletons
  4 centaur skeletons
  5 orc wizards
  3 iguanas
  Jessica (D:3)
  11 mummies (Ossuary)
  4 worker ants
  2 killer bee zombies (Ossuary)
  4 hound zombies
  Robin (D:2)
  A howler monkey zombie (Ossuary)
  3 worker ant zombies
  13 adders
  A howler monkey skeleton (D:6)
  3 shadow imps
  An ooze (D:3)
  An adder skeleton (D:4)
  4 worms
  3 dart slugs
  4 leopard geckos
  25 orcs
  4 giant cockroaches
  15 goblins
  5 hobgoblins
  3 jackals (D:8)
  11 kobolds
  3 quokkas
  2 ball pythons
  8 bats
  6 frilled lizards
  2 jackal zombies
  2 leopard gecko zombies
  2 quokka skeletons
  7 rats
217 creatures vanquished.

Vanquished Creatures (others)
  3 withered plants (D:4)
3 creatures vanquished.

Grand Total: 220 creatures vanquished

Notes
Turn   | Place    | Note
-------+----------+-------------------------------------------
     0 | D:1      | HAL9000 the Vine Stalker Assassin began the quest for the Orb.
     0 | D:1      | Reached XP level 1. HP: 11/11 MP: 2/2
   128 | D:1      | Reached XP level 2. HP: 15/15 MP: 3/3
   663 | D:2      | Reached XP level 3. HP: 18/18 MP: 4/4
   806 | D:2      | Gained mutation: Your natural rate of healing is unusually fast. [Vine Stalker growth]
   806 | D:2      | Reached XP level 4. HP: 20/23 MP: 5/5
   977 | D:2      | Noticed Robin
   980 | D:2      | Reached XP level 5. HP: 25/26 MP: 4/6
   999 | D:2      | Killed Robin
  1345 | D:2      | Reached skill level 5 in Short Blades
  1489 | D:3      | Noticed Jessica
  1509 | D:3      | Reached XP level 6. HP: 29/30 MP: 5/7
  1513 | D:3      | Killed Jessica
  1567 | D:3      | Found a burning altar of Makhleb.
  1990 | D:3      | Found an iron altar of Okawaru.
  2368 | D:4      | Found a runed gate.
  2368 | D:4      | Noticed inc's ghost (novice OpFE)
  2368 | D:4      | Noticed Paulus's ghost (amateur DsFi)
  2369 | D:4      | Found a runed gate.
  2369 | D:4      | Found a runed gate.
  2369 | D:4      | Noticed iamserjio's ghost (amateur GrFi)
  2736 | D:4      | Reached XP level 7. HP: 34/34 MP: 8/8
  3183 | D:5      | Entered Level 5 of the Dungeon
  3321 | D:5      | Found a shadowy altar of Dithmenos.
  3384 | D:5      | Became a worshipper of Dithmenos the Shadowed
  3407 | D:5      | Found a staircase to the Ecumenical Temple.
  3665 | D:5      | Noticed Duvessa
  3668 | D:5      | Noticed Dowan
  3684 | D:5      | Killed Duvessa
  3684 | D:5      | Gained mutation: You have razor-sharp teeth. [Vine Stalker growth]
  3684 | D:5      | Reached XP level 8. HP: 24/38 MP: 7/9
  3703 | D:5      | Killed Dowan
  3841 | D:5      | Found Esyxyi's Antique Armour Emporium.
  4183 | D:5      | Bought a glowing hat for 175 gold pieces
  4406 | D:6      | Reached * piety under Dithmenos
  4592 | D:6      | Reached skill level 10 in Short Blades
  4792 | D:6      | Reached skill level 5 in Stealth
  4806 | D:6      | Reached XP level 9. HP: 37/42 MP: 10/10
  4846 | D:6      | Reached skill level 6 in Stealth
  4897 | D:6      | Got a pair of ancient gloves
  4925 | D:6      | Identified the cursed +0 pair of gloves of the Arcane {-Tele Str+4 Stlth+} (You found it on level 6 of the Dungeon)
  4959 | D:6      | Reached skill level 7 in Stealth
  5215 | D:7      | Found a sand-covered staircase.
  5222 | Ossuary  | Entered an ossuary
  5252 | Ossuary  | Reached skill level 8 in Stealth
  5411 | Ossuary  | Reached skill level 9 in Stealth
  5457 | Ossuary  | Reached ** piety under Dithmenos
  5800 | D:7      | Reached skill level 10 in Stealth
  6214 | D:8      | Reached skill level 11 in Stealth
  6544 | D:8      | Reached XP level 10. HP: 46/46 MP: 11/11
  6831 | D:9      | Reached skill level 12 in Stealth
  7127 | D:9      | Reached *** piety under Dithmenos
  7207 | D:9      | Reached skill level 13 in Stealth
  7609 | D:9      | Found a staircase to the Lair.
  7758 | Lair:1   | Entered Level 1 of the Lair of Beasts
  7762 | Lair:1   | Noticed a black mamba
  7772 | Lair:1   | Slain by a black mamba

Vault maps used:
D:1:      dpeg_arrival_boxorama
D:2:      uniq_robin
D:3:      okawaru_gym_becter, first_ration, makhleb_heckhound_becter,
          uniq_jessica
D:4:      gammafunk_ghost_cemetery
D:5:      minmay_temple_entry_from_below_a, serial_shops, shop,
          nicolae_dithmenos_the_darkroom, uniq_duvessa
D:7:      nicolae_ossuary_entry_plus, grunt_ogre_cave
D:9:      lair_entry_dummy
Lair:1:   basic_altar
Ossuary:  ossuary_zaba_flooded

Skill      XL: |  1  2  3  4  5  6  7  8  9 10 |
---------------+-------------------------------+-----
Short Blades   | 2 3 4 5 6 8 10 | 10.1
Stealth        | 5 11 13 | 13.2
Fighting       | |  1.7
Throwing       | |  1.7
Dodging        | |  0.7

Action                   |  1- 3 |  4- 6 |  7- 9 | 10-12 || total
-------------------------+-------+-------+-------+-------++-------
Melee: Dagger            |    39 |   192 |   545 |    79 ||   855
       Bite              |    16 |    43 |   202 |    30 ||   291
       Short sword       |    48 |       |       |       ||    48
 Fire: Blowgun           |       |       |     2 |       ||     2
  Use: Scroll            |     2 |     6 |     4 |     2 ||    14
       Potion            |       |       |       |     1 ||     1
 Stab: Sleeping          |     4 |    14 |    22 |    18 ||    58
       Distracted        |       |       |     3 |       ||     3
  Eat: Chunk             |       |    15 |    14 |       ||    29
Armor: Robe              |    26 |    26 |    27 |       ||    79
       Leather armour    |       |    21 |    64 |    11 ||    96
Dodge: Dodged            |    61 |    79 |   163 |    14 ||   317

Table legend:
 A = Spawn XP
 B = Non-spawn XP
 C = Spawn XP percentage of total XP
 D = Spawn monster count
 E = Non-spawn monster count
 F = Spawn count percentage of total count
 G = Total turns spent on level
                    A         B        C        D         E        F      G
               +---------+---------+-------+---------+---------+-------+---------
         Total |       0 |    5983 |   0.0 |       0 |     217 |   0.0 |  7772
               +---------+---------+-------+---------+---------+-------+---------
           D:1 |       0 |      32 |   0.0 |       0 |      20 |   0.0 |   569
           D:2 |       0 |     202 |   0.0 |       0 |      30 |   0.0 |   842
           D:3 |       0 |     227 |   0.0 |       0 |      25 |   0.0 |   787
           D:4 |       0 |     197 |   0.0 |       0 |      11 |   0.0 |   985
           D:5 |       0 |    1018 |   0.0 |       0 |      32 |   0.0 |  1160
           D:6 |       0 |     997 |   0.0 |       0 |      16 |   0.0 |   800
           D:7 |       0 |     294 |   0.0 |       0 |       8 |   0.0 |   401
           D:8 |       0 |     946 |   0.0 |       0 |      23 |   0.0 |   774
           D:9 |       0 |    1311 |   0.0 |       0 |      27 |   0.0 |   996
       Ossuary |       0 |     759 |   0.0 |       0 |      25 |   0.0 |   444
               +---------+---------+-------+---------+---------+-------+---------
